AoeStats
← wgxseed

Arabia

510535945Analyzed
1v1 RM · 19h ago on Oct 1, 2026· 38m 33s· 2 players
Game mode
Random Map
Map size
Tiny (2 player)
Population
200
Speed
Normal
Resources
Standard
Victory
Conquest
Starting age
Dark Age
Ending age
Imperial Age
RankedLock teamsTeams togetherTeam positionsShared explorationLock speedFull tech treeHidden civsTurbo modeCheats
Victory
Defeat
🇹🇼 Huns · Taiwan
1723
+12
🇹🇼 Varangians · Taiwan
1626
-12
波斯小象
7:13 Loom
7:17 Loom
10:16 Feudal Age
10:18 Man-at-Arms
10:54 Double-Bit Axe
13:03 Town Watch
15:46 Padded Archer Armor
19:36 Fletching
21:36 Horse Collar
25:03 Castle Age
23:45 Scale Barding Armor
24:16 Bloodlines
25:36 Forging
25:46 Forging
26:21 Chain Barding Armor
31:05 Husbandry
31:52 Bow Saw
33:26 Gold Mining
37:08 Wheelbarrow
wgxseed
6:43 Loom
9:09 Feudal Age
9:53 Double-Bit Axe
12:56 Fletching
19:05 Bloodlines
19:39 Forging
23:24 Castle Age
21:41 Gold Mining
21:32 Horse Collar
22:30 Scale Barding Armor
24:22 Wheelbarrow
24:27 Chain Barding Armor
24:06 Bodkin Arrow
24:28 Bow Saw
24:08 Elite Skirmisher
26:02 Husbandry
28:46 Town Watch
30:50 Gold Shaft Mining
36:40 Imperial Age
34:22 Stone Mining
36:20 Thumb Ring
36:53 Ballistics
36:58 Padded Archer Armor
38:16 Bracer
Connection lost

Rejoining the realm…

Still unreachable

The connection could not be restored.

Session expired

The server has moved on; the page needs a fresh start.